 Dungeon Crawl Stone Soup version 0.16.0 (webtiles) character file.

91 Fiveotanaka the Cudgeler (level 4, -9/48 HPs)
             Began as an Ogre Berserker on Mar 20, 2015.
             Was a Believer of Trog.
             Killed by divine providence
             ... invoked by an orc priest
              (12 damage)
             ... on level 4 of the Dungeon.
             The game lasted 00:03:40 (2167 turns).

Fiveotanaka the Cudgeler (Ogre Berserker)           Turns: 2167, Time: 00:03:41

Health: -9/48      AC:  4    Str: 22    XL:     4   Next: 59%
Magic:  4/4        EV: 10    Int:  6    God:    Trog [**....]
Gold:   107        SH:  0    Dex: 10    Spells: 0 memorised, 3 levels left

rFire  . . .     SeeInvis .     a - +0 mace
rCold  . . .     Clarity  .     b - +0 animal skin
rNeg   . . .     SustAb   .     (shield restricted)
rPois  .         Gourm    .     (helmet restricted)
rElec  .         Spirit   .     k - +0 cloak
rCorr  .         Warding  .     (gloves unavailable)
rMut   .         Stasis   .     (boots unavailable)
MR     .....                    (no amulet)
Stlth  +.........               (no ring)
                                (no ring)

@: confused, not resistant to hostile enchantments, very unstealthy
A: unfitting armour, tough skin 1
a: Burn Spellbooks, Berserk, Trog's Hand, Renounce Religion


You were on level 4 of the Dungeon.
You worshipped Trog.
Trog was pleased with you.
You were not hungry.

You visited 1 branch of the dungeon, and saw 4 of its levels.

You collected 107 gold pieces.

Inventory:

Hand weapons
 a - a +0 mace (weapon)
Missiles
 d - 30 poisoned needles
 h - 73 stones (quivered)
 t - 6 curare-tipped needles
Armour
 b - a +0 animal skin (worn)
 k - a +0 cloak (worn)
Scrolls
 e - 4 scrolls of remove curse
 i - a scroll of teleportation {unknown}
 l - 3 scrolls of recharging
 m - a scroll of identify
 p - a scroll of enchant armour {unknown}
 r - a scroll of random uselessness {unknown}
Potions
 g - 2 potions of haste {unknown}
 j - 6 potions of curing
 n - 2 potions of heal wounds {unknown}
 o - a potion of lignification {unknown}
 s - a potion of degeneration {unknown}
Comestibles
 c - 3 meat rations
 f - 2 beef jerkies
 q - 3 bread rations


   Skills:
 - Level 4.0 Fighting
 + Level 6.9 Maces & Flails
 - Level 1.5 Armour
 - Level 1.7 Dodging


You had 3 spell levels left.
You didn't know any spells.

Dungeon Overview and Level Annotations

Branches:
Dungeon (4/15)
 Temple: D:4-7

Altars:


Innate Abilities, Weirdness & Mutations

You are too large for most types of armour.
You have tough skin (AC +1).


Message History

* * * LOW HITPOINT WARNING * * *
You swing at nothing.
The orc priest hits you with a club.
* * * LOW HITPOINT WARNING * * *
The orc wizard hits you but does no damage.
You swing at nothing.
The orc priest looks braver.
The orc wizard barely misses you.
You miss the orc wizard.
The orc wizard is almost dead.
The orc priest hits you with a club.
* * * LOW HITPOINT WARNING * * *
The orc wizard hits you with a dagger.
* * * LOW HITPOINT WARNING * * *
You barely miss the orc wizard.
The orc wizard is almost dead.
The orc wizard gestures at you while chanting.
You resist with some effort.
The orc priest invokes the aid of Beogh against you.
Something smites you!
You die...

# ####..#
####........ #
###..<.#
.....#.o.####
#.$..o@.####....
##.#.##.!......<
# #. #######...
. .o .o .


You could see an orc priest and an orc wizard.

Vanquished Creatures
  Terence (D:3)
  A gnoll (D:3)
  4 adders
  2 orcs
  6 bats
  9 giant cockroaches
  6 hobgoblins
  6 jackals (D:3)
  2 kobolds (D:1)
  A quokka (D:2)
  3 giant newts
  A goblin (D:2)
  8 rats
50 creatures vanquished.

Notes
Turn   | Place    | Note
--------------------------------------------------------------
     0 | D:1      | Fiveotanaka, the Ogre Berserker, began the quest for the Orb.
     0 | D:1      | Reached XP level 1. HP: 24/24 MP: 1/1
   138 | D:1      | Reached XP level 2. HP: 28/32 MP: 2/2
   415 | D:1      | Reached skill level 5 in Maces & Flails
  1077 | D:2      | Reached XP level 3. HP: 37/39 MP: 3/3
  1228 | D:2      | Acquired Trog's second power
  1294 | D:2      | Reached skill level 6 in Maces & Flails
  1818 | D:3      | Reached XP level 4. HP: 40/48 MP: 4/4
  2080 | D:3      | Noticed Terence
  2089 | D:3      | Killed Terence
  2167 | D:4      | Killed from afar by an orc priest

Action                   |  1- 3 |  4- 6 || total
-------------------------+-------+-------++-------
Melee: Mace              |    87 |    44 ||   131
  Use: Scroll            |     3 |       ||     3
  Eat: Chunk             |     3 |     1 ||     4
